 Dungeon Crawl Stone Soup version 0.25.1-2-g60ff931df9 (webtiles) character file.

Game seed: 13043065642416961649

299 Martska the Changer (level 6, 0/51 HPs)
             Began as a Naga Transmuter on Oct 14, 2020.
             Slain by Edmund
             ... wielding a +3 flail of protection
              (8 damage)
             ... on level 4 of the Dungeon.
             The game lasted 00:07:28 (4442 turns).

Martska the Changer (Naga Transmuter)               Turns: 4442, Time: 00:07:30

Health: 0/51       AC:  2    Str: 12    XL:     6   Next: 36%
Magic:  7/9        EV: 16    Int: 15    God:
Gold:   103        SH:  0    Dex: 17    Spells: 0/9 levels left

rFire    . . .     SeeInvis +     - Unarmed
rCold    . . .     Gourm    .   (shield currently unavailable)
rNeg     . . .     Faith    .   (armour currently unavailable)
rPois    x         Spirit   .   (helmet currently unavailable)
rElec    .         Reflect  .   (cloak currently unavailable)
rCorr    .         Harm     .   (gloves currently unavailable)
MR       .....                  (no barding)
Stlth    ++........             (no amulet)
HPRegen  0.17/turn              (no ring)
MPRegen  0.11/turn              (no ring)

@: spider-form, constricted
A: tiny, see invisible, slow metabolism 1, spit poison 1, AC +2
a: Spit Poison, End Transformation


You were on level 4 of the Dungeon.
You were hungry.
You were a venomous arachnid creature.
You visited 1 branch of the dungeon, and saw 4 of its levels.

You collected 103 gold pieces.

Inventory:

Hand Weapons
 m - a +2 vampiric rapier (melded)
Missiles
 a - 53 arrows
Armour
 b - a +0 robe (melded)
 k - a +0 helmet (melded)
 l - +0 fire dragon scales
Jewellery
 n - an uncursed amulet of magic regeneration {unknown}
 s - an uncursed ring of resist corrosion
 u - an uncursed ring of see invisible {unknown}
Wands
 p - a wand of flame (13)
Scrolls
 c - 2 scrolls of blinking {unknown}
 e - a scroll of teleportation {unknown}
 g - 3 scrolls of remove curse {unknown}
 o - 4 scrolls of identify {unknown}
 q - a scroll of enchant armour {unknown}
 r - a scroll of noise {unknown}
Potions
 f - a potion of lignification {unknown}
 h - a potion of degeneration {unknown}
 i - a potion of heal wounds {unknown}
 j - a potion of mutation {unknown}
 t - a potion of stabbing {unknown}
 v - a potion of might {unknown}
 w - a potion of curing {unknown}
 x - a potion of berserk rage {unknown}
Comestibles
 d - 4 rations


   Skills:
 - Level 1.0 Fighting
 - Level 1.5 Dodging
 - Level 3.0 Unarmed Combat
 - Level 2.0 Spellcasting
 * Level 6.5 Transmutations


You couldn't memorise any spells.
You knew the following spells:

 Your Spells              Type           Power        Failure   Level  Hunger
a - Beastly Appendage     Tmut           ###...       7%          1    #......
b - Spider Form           Tmut/Pois      ##........   36%         3    ###....
c - Blade Hands           Tmut           ###.......   61%         5    ######.

Your spell library contained the following spells:

 Spells                   Type           Power        Failure   Level  Hunger
 Sticks to Snakes         Tmut           ###.....     9%          2    ###....
 Ice Form                 Ice/Tmut       ##......     71%         4    #####..


Dungeon Overview and Level Annotations

Branches:
Dungeon (4/15)
 Temple: D:4-7

Altars:
Fedhas
Ru
Vehumet
Xom

Annotations:
D:4 Edmund


Innate Abilities, Weirdness & Mutations

You cannot wear boots.
((Your serpentine skin is tough. (AC +2)))
You have supernaturally acute eyesight. (SInv)
((Armour fits poorly on your strangely shaped body.))
((Your system is resistant to poisons. (rPois)))
((You cover ground very slowly.))
You have a slow metabolism.
You can spit poison.


Message History

The ball python skeleton completely misses you.
You hit Edmund.
Edmund looks as sick as possible!
Edmund is severely wounded.
Edmund closely misses you. The ball python skeleton misses you.
The ball python skeleton barely misses you.
You hit Edmund but do no damage.
Edmund is severely wounded.
You hit Edmund but do no damage.
Edmund looks as sick as possible!
Edmund is severely wounded.
Edmund hits you with a +3 flail of protection.
* * * LOW HITPOINT WARNING * * *
The ball python skeleton closely misses you.
The ball python skeleton completely misses you.
You completely miss Edmund.
Edmund is severely wounded.
The ball python skeleton misses you. The ball python skeleton grabs you.
* * * LOW HITPOINT WARNING * * *
The ball python skeleton constricts you.
Edmund hits you with a +3 flail of protection!
You die...

..#..#...............
......#...............
......##......###.....
......>#.....## ......
........$....#.... ...
##................ .<
#..........##.#..# .
.................#
......Zs.....#..##
......@.....#...#
#..........##.###
..####............ #
...............###.#
#............#......#
#.................. .
##.........#........
#.........##...#


You could see Edmund (extremely poisoned) and a ball python skeleton.

Vanquished Creatures
  An ogre (D:3)
  A howler monkey (D:4)
  A worker ant (D:4)
  7 adders
  A shadow imp (D:3)
  An ooze (D:3)
  3 worms
  2 leopard geckos
  3 orcs (D:3)
  4 giant cockroaches
  2 goblins (D:2)
  11 hobgoblins
  2 jackals (D:2)
  A ball python (D:3)
  10 bats
  A frilled lizard (D:1)
  A jackal skeleton (D:4)
  10 kobolds
  A quokka skeleton (D:4)
  10 rats
73 creatures vanquished.

Notes
Turn   | Place    | Note
-------+----------+-------------------------------------------
     0 | D:1      | Martska the Naga Transmuter began the quest for the Orb.
     0 | D:1      | Reached XP level 1. HP: 18/18 MP: 3/3
   373 | D:1      | Reached XP level 2. HP: 22/25 MP: 5/5
   794 | D:1      | Reached skill level 3 in Transmutations
  1416 | D:2      | Found a shimmering altar of Xom.
  1416 | D:2      | Found a blossoming altar of Fedhas.
  1723 | D:2      | Reached XP level 3. HP: 27/31 MP: 6/6
  1859 | D:2      | Found a faded altar of an unknown god.
  2531 | D:2      | Reached skill level 4 in Transmutations
  2700 | D:2      | Learned a level 3 spell: Spider Form
  2811 | D:2      | Found a radiant altar of Vehumet.
  2819 | D:2      | Reached XP level 4. HP: 31/38 MP: 7/7
  3127 | D:3      | Noticed an ogre
  3135 | D:3      | Killed an ogre
  3135 | D:3      | Reached skill level 5 in Transmutations
  3135 | D:3      | Reached XP level 5. HP: 44/44 MP: 8/8
  3205 | D:3      | Found a sacrificial altar of Ru.
  3561 | D:3      | Reached skill level 6 in Transmutations
  3789 | D:3      | Reached XP level 6. HP: 47/51 MP: 9/9
  4280 | D:4      | Noticed Edmund
  4298 | D:3      | Learned a level 5 spell: Blade Hands
  4442 | D:4      | Slain by Edmund

Illustrated notes

Levels and vault maps discovered:
D:1:      scummos_arrival_forest, layout_basic
D:2:      layout_loops_ring, gammafunk_temple_overflow_pools, vehumet_crystals,
          first_ration, chequers_ecumenical_altar_island
D:3:      layout_loops_ring, nicolae_ru_awakened_eye
D:4:      lemuel_castle_with_subvaults [lemuel_castle_interior_original],
          layout_cave_pools, minmay_temple_entry_large_hall, uniq_edmund

Skill      XL: |  1  2  3  4  5 |
---------------+----------------+-----
Transmutations | 3 4 5 6 |  6.5
Fighting       | |  1.0
Dodging        | |  1.5
Unarmed Combat | |  3.0
Spellcasting   | |  2.0

Action                   |  1- 3 |  4- 6 || total
-------------------------+-------+-------++-------
Melee: Short sword       |   139 |       ||   139
       Rapier            |       |   111 ||   111
       Punch             |       |     1 ||     1
       Unarmed           |       |    11 ||    11
 Cast: Spider Form       |       |     1 ||     1
 Abil: Spit Poison       |    18 |     5 ||    23
  Eat: Chunk             |     5 |     4 ||     9
Armor: Robe              |    37 |    37 ||    74
Dodge: Dodged            |    96 |    90 ||   186
